AoeStats
← lass

Arena

505758622Analyzed
1v1 RM · 23d ago on Sep 10, 2026· 69m 23s· 2 players
Game mode
Random Map
Map size
Tiny (2 player)
Population
200
Speed
Normal
Resources
Standard
Victory
Conquest
Starting age
Dark Age
Ending age
Imperial Age
RankedLock teamsTeams togetherTeam positionsShared explorationLock speedFull tech treeHidden civsTurbo modeCheats
Victory
Defeat
🇪🇸 Huns · Spain
346
+19
🇨🇴 Aztecs · Colombia
417
-19
lass
9:40 Feudal Age
10:16 Horse Collar
10:25 Double-Bit Axe
11:19 Wheelbarrow
14:55 Gold Mining
18:35 Castle Age
17:03 Arson
17:18 Arson
19:53 Hand Cart
19:41 Heavy Plow
19:55 Bow Saw
22:05 Gold Shaft Mining
21:23 Stone Mining
22:28 Squires
24:56 Thumb Ring
24:13 Crossbowman
29:09 Imperial Age
28:36 Ballistics
30:08 Masonry
31:10 Two-Man Saw
32:33 Loom
32:16 Pikeman
33:28 Scale Barding Armor
33:24 Scale Mail Armor
33:35 Forging
33:16 Fletching
33:26 Padded Archer Armor
33:16 Elite Tarkan
34:28 Parthian Tactics
33:32 Cavalier
34:13 Husbandry
34:26 Bloodlines
35:14 Conscription
35:05 Halberdier
38:05 Paladin
40:26 Leather Archer Armor
40:07 Bodkin Arrow
40:48 Iron Casting
40:29 Chain Mail Armor
41:40 Chain Barding Armor
44:23 Blast Furnace
43:24 Bracer
47:20 Heavy Cavalry Archer
55:37 Plate Barding Armor
alorozco77
1:10 Loom
12:25 Feudal Age
13:56 Wheelbarrow
13:20 Double-Bit Axe
14:18 Horse Collar
18:15 Castle Age
17:05 Scale Mail Armor
17:16 Forging
17:11 Man-at-Arms
18:19 Man-at-Arms
19:35 Hand Cart
20:17 Gambesons
21:25 Long Swordsman
26:54 Fervor
26:13 Eagle Warrior
30:53 Redemption
31:49 Elite Skirmisher
32:33 Atlatl
32:59 Heavy Plow
33:11 Bow Saw
37:05 Imperial Age
35:42 Chain Mail Armor
36:03 Iron Casting
35:30 Padded Archer Armor
35:20 Fletching
37:11 Capped Ram
38:24 Garland Wars
38:26 Conscription
37:53 Two-Handed Swordsman
38:24 Arson
38:43 Squires
39:10 Champion
42:37 Siege Ram
44:00 Ballistics
44:41 Chemistry
43:39 Murder Holes
43:27 Treadmill Crane
44:06 Leather Archer Armor
43:47 Bodkin Arrow
52:15 Blast Furnace
51:46 Plate Mail Armor
51:49 Pikeman
58:23 Bracer
Connection lost

Rejoining the realm…

Still unreachable

The connection could not be restored.

Session expired

The server has moved on; the page needs a fresh start.